AoeStats
← Sylar

Nomad

504810161Analyzed
3v3 RM · 2mo ago on Sep 6, 2026· 67m 24s· 6 players
Game mode
Random Map
Map size
210×210
Population
200
Speed
Normal
Resources
Standard
Victory
Conquest
Starting age
Dark Age
Ending age
Imperial Age
RankedLock teamsTeams togetherTeam positionsShared explorationLock speedFull tech treeHidden civsTurbo modeCheats
Victory
Defeat
🇨🇱 Huns · Chile
816
+14
🇺🇸 Malay · United States
766
+16
🇺🇸 Spanish · United States
685
+20
vs
🇫🇷 Byzantines · France
794
-18
🇫🇷 Malay · France
760
-16
🇫🇷 Bohemians · France
748
-16
Nomisteak
7:04 Loom
14:35 Feudal Age
15:27 Double-Bit Axe
21:05 Horse Collar
22:29 Wheelbarrow
21:51 Fishing Lines
24:50 Castle Age
24:42 Forging
24:34 Scale Mail Armor
25:58 Heavy Plow
26:12 Bow Saw
26:00 Gillnets
27:39 Squires
27:00 Pikeman
30:31 Hand Cart
30:54 Murder Holes
30:41 Treadmill Crane
32:11 Clinker Construction
34:45 Imperial Age
33:00 Arson
36:00 Conscription
36:10 Masonry
37:14 Two-Man Saw
38:31 Siege Engineers
38:58 Architecture
39:23 Town Watch
41:46 Ballistics
42:05 Elite Hussite Wagon
42:50 Halberdier
45:19 Iron Casting
45:00 Chain Mail Armor
47:18 Chemistry
54:40 Plate Mail Armor
55:11 Blast Furnace
54:01 Fletching
54:12 Padded Archer Armor
Sylar
7:54 Loom
17:30 Feudal Age
19:07 Double-Bit Axe
22:33 Horse Collar
25:37 Castle Age
24:26 Arson
25:24 Wheelbarrow
24:44 Stone Mining
24:48 Gold Mining
26:05 Squires
25:26 Pikeman
25:31 Man-at-Arms
30:31 Gold Shaft Mining
31:42 Forging
32:42 Thalassocracy
34:02 Town Watch
36:15 Long Swordsman
36:28 Demolition Ship
36:49 Fishing Lines
48:00 Imperial Age
45:47 Hand Cart
45:54 Hand Cart
45:39 Town Patrol
46:42 Elite Skirmisher
47:29 Thumb Ring
48:12 Conscription
49:24 Ballistics
48:46 Treadmill Crane
50:52 Heated Shot
52:36 Chemistry
54:47 Town Patrol
55:19 Forced Levy
56:33 Halberdier
59:05 Two-Handed Swordsman
61:19 Heavy Plow
62:58 Chemistry
62:01 Gillnets
CrêpeCaramel
6:28 Loom
14:55 Feudal Age
15:25 Double-Bit Axe
15:42 Horse Collar
24:01 Castle Age
22:02 Stone Mining
23:15 Forging
24:01 Gold Mining
24:46 Husbandry
25:13 Bow Saw
27:16 Scale Barding Armor
36:36 Wheelbarrow
43:32 Wheelbarrow
45:51 Hand Cart
46:40 Pikeman
47:25 Squires
55:26 Iron Casting
55:11 Chain Barding Armor
57:51 Imperial Age
56:55 Gambesons
57:19 Scale Mail Armor
57:11 Fletching
60:13 Capped Ram
60:37 Cavalier
62:25 Plate Barding Armor
61:50 Bodkin Arrow
66:31 Man-at-Arms
WakaFlakaLane
15:36 Feudal Age
22:26 Castle Age
28:12 Man-at-Arms
29:24 Stone Mining
34:40 Imperial Age
32:34 Pikeman
48:30 Capped Ram
65:26 Light Cavalry
NickOhBTW
5:35 Loom
17:02 Feudal Age
17:08 Stone Mining
17:06 Double-Bit Axe
17:05 Horse Collar
19:05 Fishing Lines
25:28 Castle Age
23:59 Fletching
24:30 Arson
25:03 Forging
29:38 Thalassocracy
30:20 Squires
31:57 Iron Casting
31:35 Murder Holes
31:51 Pikeman
38:04 Town Watch
39:11 Town Patrol
43:00 Imperial Age
41:48 Elite Karambit Warrior
42:40 Heavy Plow
43:27 Bow Saw
43:22 Gold Mining
44:23 Wheelbarrow
44:08 Gillnets
44:40 Bodkin Arrow
48:42 Hand Cart
50:32 Ballistics
51:12 Bracer
60:35 Elite Battle Elephant
66:13 Halberdier
<Jericho 941>
4:18 Loom
14:18 Feudal Age
14:49 Double-Bit Axe
16:01 Gold Mining
18:43 Bloodlines
22:08 Castle Age
20:59 Fishing Lines
21:18 Fletching
22:19 Padded Archer Armor
23:03 Bow Saw
23:31 Gold Shaft Mining
23:51 Wheelbarrow
23:01 Town Watch
24:03 Bodkin Arrow
25:35 Hand Cart
26:33 Leather Archer Armor
28:18 Stone Mining
29:06 Ballistics
29:40 Husbandry
29:45 Horse Collar
32:07 Thumb Ring
34:22 Squires
34:04 Pikeman
34:30 Arson
35:44 Scale Mail Armor
35:55 Forging
39:46 Imperial Age
38:31 Murder Holes
42:57 Chemistry
41:59 Bracer
43:03 Town Patrol
43:50 Parthian Tactics
44:29 Heavy Cavalry Archer
45:54 Conscription
46:24 Fervor
46:35 Sanctity
46:56 Illumination
48:06 Two-Man Saw
47:12 Heavy Plow
48:49 Marauders
51:29 Scale Barding Armor
51:59 Iron Casting
50:48 Elite Tarkan
54:49 Blast Furnace
54:10 Chain Barding Armor
58:21 Masonry
58:49 Plate Barding Armor
61:50 Guilds
61:40 Caravan
63:16 Capped Ram
65:15 Siege Ram
Connection lost

Rejoining the realm…

Still unreachable

The connection could not be restored.

Session expired

The server has moved on; the page needs a fresh start.